 Dungeon Crawl Stone Soup version 0.21.1-1-g345015f (webtiles) character file.

23 Flooderbenga the Grave Robber (level 3, 0/25 HPs)
             Began as a Gnoll Necromancer on Apr 6, 2018.
             Slain by an orc wizard
             ... wielding a +0 dagger
              (5 damage)
             ... on level 2 of the Dungeon.
             The game lasted 00:10:27 (313 turns).

Flooderbenga the Grave Robber (Gnoll Necromancer)    Turns: 313, Time: 00:10:28

Health: 0/25       AC:  2    Str: 10    XL:     3   Next: 0%
Magic:  6/9        EV: 14    Int: 18    God:
Gold:   53         SH:  0    Dex: 15    Spells: 9/11 levels left

rFire    . . .     SeeInvis .   (no weapon)
rCold    . . .     Gourm    +   (no shield)
rNeg     . . .     Faith    .   g - +0 robe
rPois    .         Spirit   .   (no helmet)
rElec    .         Reflect  .   (no cloak)
rCorr    .         Harm     .   (no gloves)
MR       .....                  (no boots)
Stlth    +++.......             d - amulet of the gourmand
HPRegen  0.08/turn              (no ring)
MPRegen  0.11/turn              (no ring)

@: no status effects
A: distributed training, fangs 1, strong nose
a: no special abilities


You were on level 2 of the Dungeon.
You were not hungry.

You visited 1 branch of the dungeon, and saw 3 of its levels.

You collected 53 gold pieces.

Inventory:

Hand Weapons
 a - a +0 dagger
 i - a +0 blowgun
Missiles
 f - 28 sling bullets
 j - 6 poisoned needles
Armour
 g - a +0 robe (worn)
Jewellery
 d - an amulet of the gourmand (around neck)
Scrolls
 e - a scroll of remove curse {@r2}
 h - a scroll of teleportation {unknown}
Books
 b - a book of Necromancy

   Spells                             Type                      Level
   a - Pain                           Necromancy                   1
   b - Animate Skeleton               Necromancy                   1
   c - Vampiric Draining              Necromancy                   3
   d - Regeneration                   Charms/Necromancy            3
   e - Animate Dead                   Necromancy                   4
   f - Borgnjor's Vile Clutch         Necromancy/Earth             5
Comestibles
 c - 3 rations


   Skills:
 + Level 0.5 Fighting
 + Level 0.5 Short Blades
 + Level 0.5 Long Blades
 + Level 0.5 Axes
 + Level 0.5 Maces & Flails
 + Level 0.5 Polearms
 + Level 0.5 Staves
 + Level 0.5 Slings
 + Level 0.5 Bows
 + Level 0.5 Crossbows
 + Level 0.5 Throwing
 + Level 0.5 Armour
 + Level 4.5 Dodging
 + Level 4.1 Stealth
 + Level 0.5 Shields
 + Level 0.5 Unarmed Combat
 + Level 4.9 Spellcasting
 + Level 0.4 Conjurations
 + Level 0.4 Hexes
 + Level 0.4 Charms
 + Level 0.4 Summonings
 + Level 7.0 Necromancy
 + Level 0.4 Translocations
 + Level 0.4 Transmutations
 + Level 0.4 Fire Magic
 + Level 0.4 Ice Magic
 + Level 0.4 Air Magic
 + Level 0.4 Earth Magic
 + Level 0.4 Poison Magic
 + Level 0.7 Invocations
 + Level 0.5 Evocations


You had 9 spell levels left.
You knew the following spells:

 Your Spells              Type           Power        Failure   Level  Hunger
a - Pain                  Necr           ####         1%          1    None
z - Animate Skeleton      Necr           N/A          1%          1    None


Dungeon Overview and Level Annotations

Branches:
Dungeon (3/15)

Altars:
Ashenzari
Nemelex Xobeh
Wu Jian

Annotations:
D:2 exclusions: adder and hobgoblin
D:3 Shinoi's ghost, amateur GrFi


Innate Abilities, Weirdness & Mutations

Your experience applies equally to all skills.
You have very sharp teeth.
Your uncanny sense of smell can sniff out nearby items.


Message History

You have reached level 3!
Your experience leads to an increase in your attributes!
Increase (S)trength, (I)ntelligence, or (D)exterity?
You feel clever. Something hits you but does no damage.
You regained 2 hp, and now have 10/25 hp.
Something hits your hobgoblin skeleton.
You swing at nothing.
You hear some strange, mumbled words.
Your hobgoblin skeleton appears confused.
Your hobgoblin skeleton closely misses you.
You swing at nothing.
Something hits your hobgoblin skeleton.
Your hobgoblin skeleton is destroyed!
You swing at nothing.
You closely miss something. Something hits you.
* * * LOW HITPOINT WARNING * * *
You take 4 damage, and have 6/25 hp.
You can't see any susceptible monsters within range! (Use Z to cast anyway.) Nothing appears to happen.
Something hits you.
You die...

#......w....# #......
#.########..# #...# #.#
# # #<..# #.#####
#..###...####. #.Z.>.#
#............. #####)#
#.####........ #####.##
#.# #>)#####.# .......#
#.# #..# # ####...# #.#
#Z@# #...# #.# #..#####.
#...###.####.........
####.......Z....######..
...........######
..###%###### #..##.#
##..#.# ###.#.#


You could see a friendly rat skeleton.

Vanquished Creatures
  An adder (D:2)
  A worm (D:2)
  2 orcs (D:2)
  A giant cockroach (D:2)
  A goblin (D:2)
  A hobgoblin (D:2)
  2 kobolds (D:2)
  A rat (D:2)
10 creatures vanquished.

Notes
Turn   | Place    | Note
-------+----------+-------------------------------------------
     0 | D:1      | Flooderbenga the Gnoll Necromancer began the quest for the Orb.
     0 | D:1      | Reached XP level 1. HP: 13/13 MP: 6/6
    22 | D:3      | Noticed an orc wizard
    46 | D:2      | Reached XP level 2. HP: 11/19 MP: 1/7
    49 | D:2      | Learned a level 1 spell: Animate Skeleton
   214 | D:2      | Found an ornate altar of the Wu Jian Council.
   214 | D:2      | Found a sparkling altar of Nemelex Xobeh.
   215 | D:2      | Found a shattered altar of Ashenzari.
   244 | D:3      | Noticed Shinoi's ghost (amateur GrFi)
   306 | D:2      | Reached XP level 3. HP: 11/25 MP: 6/9
   313 | D:2      | Slain by an orc wizard

Action                   || total
-------------------------++-------
Melee: Unarmed           ||     1
 Cast: Pain              ||    24
       Animate Skeleton  ||     2
  Use: Scroll            ||     1
Armor: Robe              ||     1
Dodge: Dodged            ||     9
